[Event "Khanty-Mansiysk FIDE GP (Women)"]
[Site "Khanty-Mansiysk"]
[Date "2014.04.21"]
[Round "11"]
[White "Muminova, Nafisa"]
[Black "Stefanova, Antoaneta"]
[Result "0-1"]
[ECO "C79"]
[WhiteElo "2321"]
[BlackElo "2489"]
[Annotator "ChessBase Website"]
[PlyCount "78"]
[EventDate "2014.04.09"]
[EventType "tourn"]
[EventRounds "11"]
[EventCountry "RUS"]
[EventCategory "10"]
[SourceTitle "CBM 160"]
[Source "ChessBase"]
[SourceDate "2014.05.15"]
[SourceVersion "1"]
[SourceVersionDate "2014.05.15"]
[SourceQuality "1"]
[TimeControl "40/5400+30:1800+30"]
[WhiteClock "1:30:00"]
[BlackClock "1:30:00"]

1. e4 e5 2. Nf3 Nc6 3. Bb5 a6 4. Ba4 d6 5. O-O Nf6 6. d3 g6 (6... Be7 7. c3 O-O 8. Re1 b5 9. Bc2 d5 10. Nbd2 dxe4 11.
dxe4 Be6 12. Bb3 Bxb3 13. axb3 Qd3 14. Qe2 Qxe2 15. Rxe2 Rfd8 16. Re1 Nd7 17.
b4 a5 18. bxa5 Rxa5 19. Rb1 Ra2 20. Nb3 Nb6 21. Kf1 Na4 22. h3 f6 23. Re2 b4
24. c4 Rd3 25. Re3 Rxe3 26. fxe3 Nd8 27. Ne1 Nb7 28. Nd3 Kf7 29. Bd2 Nac5 30.
Nbxc5 Nxc5 31. Nxc5 {0-1 (31) Maslak,K (2566)-Matlakov,M (2668) St Petersburg
2012}) 7. c4 Bg7 8. Nc3 O-O 9. Nd5 h6 10. Be3 Ng4 11. Qc1 f5 12. c5 fxe4 13. dxe4 Rxf3 $1 {[%emt 0:08:57] Muminova was
simply too careless with her kingside, alowing Stefanova to crash through with
an obvious exchange sacrifice. Even then her position was only slightly worse,
with Black having a good attack as compensation for the exchange, but she
panicked and gave back too much material. The combination of the multiple
weaknesses and the extra material for Black gave Stefanova an easy victory.}
14. Bg5 hxg5 15. gxf3 Nd4 16. Bd1 Nh6 17. cxd6 cxd6 18. Kh1 Be6 19. Nc3 Qf6 20. Qe3 Rf8 21. Rg1 Nxf3 22. Rg3 Nh4 23. f3 Qf4 24. Qd3 Nf7 25. Be2 b5 26. b3 Rc8 27. Rag1 Rc5 28. b4 Rc4 29. Bd1 Rd4 30. Qf1 Qd2 31. Nd5 Bxd5 32. exd5 Nf5 33. R3g2 Qxb4 34. Qf2 e4 35. fxe4 Rxe4 36. Qa7 Bd4 37. Qb8+ Kg7 38. a3 Qc3 39. Rc2 Qh3 0-1